 Dungeon Sprint DCSS version 0.21.1-1-g345015fe64 (webtiles) character file.

9986 Groucho the Unseen (level 11, -5/54 HPs)
             Began as a Spriggan Enchanter on Apr 1, 2018.
             Was the Champion of Dithmenos.
             Slain by a ghost moth (7 damage)
             ... in the Dungeon (Sprint IV: "Fedhas' Mad Dash").
             The game lasted 00:13:10 (2655 turns).

Groucho the Unseen (Spriggan Enchanter)             Turns: 2655, Time: 00:13:10

Health: -5/54      AC:  2    Str:  6    XL:     11   Next: 30%
Magic:  9/31       EV: 31    Int: 18    God:    Dithmenos [******]
Gold:   77         SH:  0    Dex: 17    Spells: 19/40 levels left

rFire    . . .     SeeInvis +   a - +1 dagger
rCold    . . .     Gourm    .   (shield restricted)
rNeg     . . .     Faith    .   b - +0 robe
rPois    .         Spirit   .   (helmet restricted)
rElec    .         Reflect  .   (no cloak)
rCorr    .         Harm     .   (gloves unavailable)
MR       +....     NoTele   +   (boots unavailable)
Stlth    ++++++++++             k - amulet of invisibility {+Inv}
HPRegen  0.18/turn              (no ring)
MPRegen  0.22/turn              (no ring)

@: wreathed by umbra, very quick
A: very small, unfitting armour, see invisible, herbivore, speed 3, slow
metabolism 2
a: Shadow Step, Shadow Form, Renounce Religion, Evoke Invisibility


You were in the Dungeon.
You worshipped Dithmenos.
Dithmenos was exalted by your worship.
You were not hungry.

You visited 1 branch You collected 274 gold pieces.
You spent 197 gold pieces at shops.

Inventory:

Hand Weapons
 a - a +1 dagger (weapon)
 q - a cursed -1 rapier
 s - the +5 short sword of the Real Monster {pierce, rF+ Int+3, unknown}
   (You found it in the Dungeon)

   It inflicts extra damage upon your enemies.
   It affects your intelligence (+3).
   It protects you from fire.
Missiles
 l - 13 poisoned needles
 n - 37 stones (quivered)
Armour
 b - a +0 robe (worn)
 t - a +0 buckler
Jewellery
 k - the amulet of invisibility (around neck) {+Inv}
   (You found it in the Dungeon)

   [amulet of nothing]

   It lets you turn invisible.
 m - a +5 ring of evasion {unknown}
 u - an uncursed ring of protection from fire {unknown}
Wands
 p - a wand of disintegration (14)
Scrolls
 v - a scroll of fear {unknown}
 w - a scroll of enchant weapon {unknown}
Potions
 g - a potion of haste
 h - a potion of magic
 i - a potion of berserk rage
 x - a potion of brilliance {unknown}
Books
 c - a book of Maledictions

   Spells                             Type                      Level
   a - Corona                         Hexes                        1
   b - Ensorcelled Hibernation        Hexes/Ice                    2
   c - Confuse                        Hexes                        3
   d - Tukima's Dance                 Hexes                        3
   e - Dazzling Spray                 Conjuration/Hexes            3
 o - a book of Conjurations

   Spells                             Type                      Level
   a - Magic Dart                     Conjuration                  1
   b - Searing Ray                    Conjuration                  2
   c - Dazzling Spray                 Conjuration/Hexes            3
   d - Fulminant Prism                Conjuration/Hexes            4
   e - Force Lance                    Conjuration/Translocation    4
   f - Iskenderun's Mystic Blast      Conjuration                  4
 r - a book of Misfortune

   Spells                             Type                      Level
   a - Confusing Touch                Hexes                        1
   b - Confuse                        Hexes                        3
   c - Gell's Gravitas                Translocation                3
   d - Petrify                        Transmutation/Earth          4
   e - Metabolic Englaciation         Hexes/Ice                    5
   f - Yara's Violent Unravelling     Hexes/Transmutation          5
Comestibles
 d - 2 rations


   Skills:
 + Level 4.7 Fighting
 + Level 11.1 Short Blades
 * Level 15.3 Dodging
 - Level 17.0 Stealth
 * Level 15.1 Spellcasting
 * Level 6.2 Conjurations
 + Level 13.1 Hexes
 + Level 6.7 Translocations
 - Level 8.6 Evocations


You had 19 spell levels left.
You knew the following spells:

 Your Spells              Type           Power        Failure   Level  Hunger
a - Corona                Hex            ######.      1%          1    None
b - Ensorcelled Hibernat  Hex/Ice        #####.       1%          2    None
c - Confuse               Hex            ######..     1%          3    None
d - Dazzling Spray        Conj/Hex       #####.       1%          3    None
e - Tukima's Dance        Hex            ######..     1%          3    None
f - Metabolic Englaciati  Hex/Ice        #####.....   9%          5    ####...
g - Force Lance           Conj/Tloc      #####...     3%          4    None


Dungeon Overview and Level Annotations

Branches:
Dungeon (1/1)

Altars:
Cheibriados
Dithmenos
Elyvilon
Gozag
Hepliaklqana
Kikubaaqudgha
Makhleb
Nemelex Xobeh
Okawaru
Qazlal
Ru
Sif Muna
Trog
Uskayaw
Vehumet
Wu Jian
Xom
Yredelemnul
Zin
The Shining One
Beogh
Jiyva
Lugonu

Shops:
D ?=%%%(%%*[!


Innate Abilities, Weirdness & Mutations

You are very small and have problems with some larger weapons.
You are too small for most types of armour.
You have supernaturally acute eyesight. (SInv)
You are a herbivore.
You cover ground extremely quickly.
You need consume almost no food.


Message History

You feel your power leaking away. The ghost moth completely misses you.
The ghost moth misses you. The ghost moth completely misses you.
Casting: Dazzling Spray
Confirm with . or Enter, or press ? or * to list all spells.
Aiming: Dazzling Spray
Press: ? - help, Shift-Dir - straight line, f/p - demonic crawler
Aim: a demonic crawler (black smoke, almost dead, clinging, umbra)
The spray of energy hits the demonic crawler.
You kill the demonic crawler!
Dithmenos accepts your kill.
The spray of energy hits the ghost moth.
The ghost moth is lightly wounded.
The ghost moth stares at you.
You feel your power leaking away. The ghost moth completely misses you.
The ghost moth closely misses you. The ghost moth completely misses you.
The ghost moth hits you.
* * * LOW HITPOINT WARNING * * *
The ghost moth completely misses you. The ghost moth stings you!
You die...

#......♣.....#...########
#.....♣..♣..######♣♣♣♣♣..
##'####'######..'......♣.
#..#....'.......#♣..♣♣♣.♣
#..#.)###.......#.♣♣..♣..
#########################
#%%...§§§.§............#
#∩...(§§§§§..........P.##
#∩....§y@§§..).......P...
#∩...P§§§§.§.............
###########+#############
*,,,,,,,,,,* ***,,**
*,,,,,,,,,,* *,,,,+,
***,,,,,,*** *,,,,**
***,,,** **,,,,*
*,,,,****,,,,,**
*,,,,,,,,,,,,,+,


You could see a ghost moth (invisible).

Vanquished Creatures
  Agnes (D)
  A spriggan defender (D)
  A spriggan berserker (D)
  A spriggan druid (D)
  6 oklob plants (D)
  2 demonic crawlers (D)
  3 burning bushes (D)
  3 wandering mushrooms (D)
  A queen bee (D)
  3 hornets (D)
  2 scorpions (D)
  4 killer bees (D)
  5 oklob saplings (D)
  A worker ant (D)
  7 spriggans (D)
  A river rat (D)
  A rat (D)
  3 ballistomycetes (D)
  A ballistomycete spore (D)
47 creatures vanquished.

Vanquished Creatures (others)
  A ballistomycete spore (D)
  A bush (D)
2 creatures vanquished.

Grand Total: 49 creatures vanquished

Notes
Turn   | Place    | Note
-------+----------+-------------------------------------------
     0 | D        | Groucho the Spriggan Enchanter began the quest for the Orb.
     0 | D        | Reached XP level 1. HP: 9/9 MP: 5/5
     9 | D        | Reached skill level 6 in Stealth
     9 | D        | Reached XP level 2. HP: 13/13 MP: 5/7
    18 | D        | Noticed an oklob sapling
    20 | D        | Killed an oklob sapling
    20 | D        | Reached skill level 8 in Stealth
    20 | D        | Reached skill level 5 in Hexes
    20 | D        | Reached XP level 3. HP: 16/16 MP: 6/10
    51 | D        | Learned a level 2 spell: Ensorcelled Hibernation
    55 | D        | Learned a level 3 spell: Confuse
    59 | D        | Learned a level 3 spell: Dazzling Spray
    60 | D        | Found the amulet of invisibility {+Inv}
    61 | D        | Reached skill level 9 in Stealth
    61 | D        | Reached skill level 5 in Spellcasting
    78 | D        | Found an opulent altar of Gozag.
    78 | D        | Found a hazy altar of Hepliaklqana.
    78 | D        | Found a burning altar of Makhleb.
    78 | D        | Found a sparkling altar of Nemelex Xobeh.
    78 | D        | Found a sacrificial altar of Ru.
    78 | D        | Found a deep blue altar of Sif Muna.
    78 | D        | Found an ornate altar of the Wu Jian Council.
    78 | D        | Found a shimmering altar of Xom.
    78 | D        | Found a basalt altar of Yredelemnul.
    79 | D        | Found a viscous altar of Jiyva.
    79 | D        | Found a roughly hewn altar of Beogh.
    79 | D        | Found a snail-covered altar of Cheibriados.
    79 | D        | Found a bloodstained altar of Trog.
    79 | D        | Noticed an oklob sapling priest
    80 | D        | Found an iron altar of Okawaru.
    80 | D        | Found a shadowy altar of Dithmenos.
    80 | D        | Found a glowing silver altar of Zin.
    81 | D        | Found an ancient bone altar of Kikubaaqudgha.
    81 | D        | Found a hide-covered altar of Uskayaw.
    82 | D        | Found a stormy altar of Qazlal.
    82 | D        | Found a white marble altar of Elyvilon.
    82 | D        | Found a glowing golden altar of the Shining One.
    83 | D        | Found a corrupted altar of Lugonu.
    83 | D        | Found a radiant altar of Vehumet.
    88 | D        | Became a worshipper of Dithmenos the Shadowed
    90 | D        | Killed an oklob sapling priest
    90 | D        | Reached skill level 10 in Stealth
    90 | D        | Reached XP level 4. HP: 21/21 MP: 10/13
    99 | D        | Reached skill level 11 in Stealth
    99 | D        | Reached XP level 5. HP: 24/24 MP: 12/15
   254 | D        | Reached * piety under Dithmenos
   254 | D        | Reached skill level 12 in Stealth
   254 | D        | Reached skill level 1 in Evocations
   265 | D        | Noticed a queen bee
   612 | D        | Killed a queen bee
   612 | D        | Reached skill level 5 in Dodging
   612 | D        | Reached skill level 13 in Stealth
   612 | D        | Reached skill level 5 in Evocations
   612 | D        | Reached XP level 6. HP: 28/28 MP: 14/18
   614 | D        | Reached ** piety under Dithmenos
   617 | D        | Reached XP level 7. HP: 32/32 MP: 15/20
   622 | D        | Noticed an oklob plant
   624 | D        | Killed an oklob plant
   624 | D        | Reached skill level 5 in Short Blades
   624 | D        | Reached skill level 14 in Stealth
   624 | D        | Reached skill level 10 in Spellcasting
   855 | D        | Found the +5 scythe "Finisher" {speed, Str+3}
   855 | D        | Noticed a burning bush
   858 | D        | Killed a burning bush
   858 | D        | Reached *** piety under Dithmenos
   858 | D        | Reached skill level 15 in Stealth
   858 | D        | Reached XP level 8. HP: 36/36 MP: 21/23
   973 | D        | Noticed a burning bush
   973 | D        | Noticed an oklob plant
   974 | D        | Noticed a wandering mushroom
   975 | D        | Killed a burning bush
   980 | D        | Killed an oklob plant
   980 | D        | Reached skill level 16 in Stealth
   980 | D        | Reached skill level 10 in Hexes
   982 | D        | Reached **** piety under Dithmenos
   984 | D        | Killed a wandering mushroom
   984 | D        | Reached skill level 10 in Dodging
   984 | D        | Reached XP level 9. HP: 39/39 MP: 22/25
  1021 | D        | Noticed a spriggan druid
  1022 | D        | Killed a spriggan druid
  1037 | D        | Learned a level 3 spell: Tukima's Dance
  1042 | D        | Noticed an oklob plant conjurer
  1043 | D        | Killed an oklob plant conjurer
  1043 | D        | Reached skill level 17 in Stealth
  1056 | D        | Learned a level 5 spell: Metabolic Englaciation
  1427 | D        | Noticed Agnes
  1432 | D        | Noticed an oklob plant
  1433 | D        | Noticed an oklob plant shifter
  1433 | D        | Noticed an oklob plant summoner
  1437 | D        | Killed an oklob plant
  1437 | D        | Reached skill level 1 in Fighting
  1437 | D        | Reached skill level 1 in Conjurations
  1439 | D        | Killed an oklob plant summoner
  1439 | D        | Reached ***** piety under Dithmenos
  1442 | D        | Killed an oklob plant shifter
  1453 | D        | Got a smoking short sword
  1456 | D        | Noticed a demonic crawler
  1458 | D        | Killed a demonic crawler
  1458 | D        | Reached XP level 10. HP: 46/46 MP: 26/28
  1546 | D        | Found Gotef's Food Shop.
  1547 | D        | Found Olyiclid's Food Emporium.
  2027 | D        | Learned a level 4 spell: Force Lance
  2039 | D        | Reached skill level 1 in Translocations
  2193 | D        | Found Kosowikh's Food Shoppe.
  2194 | D        | Found Vedghug's Assorted Antiques.
  2200 | D        | Bought a small wooden ring for 125 gold pieces
  2200 | D        | Bought a scroll labeled YRUSILEWUDD for 25 gold pieces
  2200 | D        | Bought a scroll labeled PITHRY NAMMIL for 25 gold pieces
  2200 | D        | Bought a bubbling green potion for 22 gold pieces
  2278 | D        | Noticed a spriggan rider
  2279 | D        | Found Oxyoral's Armour Emporium.
  2283 | D        | Reached skill level 10 in Short Blades
  2291 | D        | Killed a spriggan rider
  2291 | D        | Reached ****** piety under Dithmenos
  2306 | D        | Found Eremubua's Distillery.
  2514 | D        | Found Qushy's Antique Weapon Emporium.
  2514 | D        | Found Rehapriz's Food Shoppe.
  2515 | D        | Killed Agnes
  2515 | D        | Reached skill level 5 in Conjurations
  2519 | D        | Noticed a spriggan defender
  2526 | D        | Killed a spriggan defender
  2526 | D        | Reached skill level 5 in Translocations
  2526 | D        | Reached XP level 11. HP: 53/53 MP: 30/30
  2551 | D        | Noticed a spriggan berserker
  2553 | D        | Killed a spriggan berserker
  2556 | D        | Noticed a spriggan rider
  2607 | D        | Killed a spriggan rider
  2607 | D        | Reached skill level 15 in Dodging
  2637 | D        | Reached skill level 15 in Spellcasting
  2642 | D        | Noticed a ghost moth
  2644 | D        | Found Emoff's Jewellery Boutique.
  2644 | D        | Found Cafut's Food Emporium.
  2644 | D        | Found Kifegioz's Magic Scroll Shoppe.
  2652 | D        | HP: 1/54 [demonic crawler (10)]
  2655 | D        | Slain by a ghost moth

Skill      XL: |  1  2  3  4  5  6  7  8  9 10 11 |
---------------+----------------------------------+-----
Stealth        | 6 8 10 11 13 15 16 17 | 17.0
Spellcasting   | 3 4 6 8 9 10 11 13 14 15 | 15.1
Hexes          | 4 5 6 7 8 9 10 11 12 13 | 13.1
Evocations     | 5 6 8 |  8.6
Short Blades   | 3 4 5 7 9 10 11 | 11.1
Dodging        | 5 6 8 10 12 14 15 | 15.3
Fighting       | 1 4 |  4.7
Conjurations   | 2 5 6 |  6.2
Translocations | 5 6 |  6.7

Action                   |  1- 3 |  4- 6 |  7- 9 | 10-12 || total
-------------------------+-------+-------+-------+-------++-------
Melee: Dagger            |     5 |     7 |    74 |    25 ||   111
Throw: Stone             |       |       |     1 |     1 ||     2
 Cast: Confuse           |       |       |       |     9 ||     9
       Dazzling Spray    |       |       |       |    12 ||    12
 Abil: Evoke Invisibilit |     1 |     2 |     2 |       ||     5
  Use: Scroll            |       |     1 |     1 |     1 ||     3
       Potion            |       |       |       |     3 ||     3
 Stab: Sleeping          |     5 |     7 |    12 |     8 ||    32
       Confused          |       |       |       |     4 ||     4
       Invisible         |       |       |       |     2 ||     2
       Distracted        |       |       |       |     2 ||     2
  Eat: Ration            |       |       |       |     1 ||     1
Dodge: Dodged            |       |       |       |    43 ||    43
